 Dungeon Crawl Stone Soup version 0.29.0 (webtiles) character file.

Game seed: 4909487232611263195

2472 lyrin the Martial Artist (level 9, -15/43 HPs)
             Began as a Vine Stalker Transmuter on Sept 4, 2022.
             Killed from afar by a gargoyle (23 damage)
             ... with a stone arrow
             ... on level 7 of the Dungeon.
             The game lasted 00:13:46 (6352 turns).

lyrin the Martial Artist (Vine Stalker Transmuter)  Turns: 6352, Time: 00:13:48

Health: -15/43     AC:  7    Str: 15    XL:     9   Next: 51%
Magic:  0/13       EV: 12    Int: 15    God:
Gold:   376        SH:  0    Dex: 15    Spells: 7/12 levels left

rFire   + . .      SeeInvis .     - Unarmed
rCold   . . .      Faith    .   (no shield)
rNeg    . . .      Spirit   +   C - +3 leather armour
rPois   +          Reflect  .   (helmet currently unavailable)
rElec   .          Harm     .   (no cloak)
rCorr   .          Rampage  .   x - +0 pair of gloves
Will    +....                   (boots currently unavailable)
Stlth   +.........              (no amulet)
HPRegen 0.94/turn               o - ring of poison resistance
MPRegen 0.13/turn               B - ring of protection from fire

@: about to teleport, appendages
A: horns 2, talons 2, fangs 3, regeneration 1, magic shield, antimagic bite, no
potion heal 2
a: End Transformation


You were on level 7 of the Dungeon.
You had temporarily grown beastly horns and talons.
You visited 1 branch of the dungeon, and saw 7 of its levels.
You also visited: Sewer.

You collected 376 gold pieces.

Inventory:

Missiles
 j - 26 poisoned darts
 p - 5 curare-tipped darts (quivered)
Armour
 x - a +0 pair of gloves (worn)
 y - a +0 helmet (melded)
 C - a +3 leather armour (worn)
Magical Staves
 g - a staff of air
Jewellery
 o - a ring of poison resistance (left hand)
 B - a ring of protection from fire (right hand)
 D - a ring of wizardry
Wands
 A - a wand of charming (5)
Scrolls
 a - a scroll of blinking {unknown}
 c - a scroll of teleportation
 d - a scroll of enchant armour {unknown}
 f - a scroll of fear {unknown}
 h - 2 scrolls of amnesia {unknown}
 k - 3 scrolls of magic mapping {unknown}
 u - a scroll of summoning {unknown}
 w - 4 scrolls of identify {unknown}
 z - a scroll of enchant weapon {unknown}
Potions
 b - 2 potions of invisibility
 e - 2 potions of curing
 i - 3 potions of brilliance {unknown}
 l - 3 potions of mutation {unknown}
 m - 3 potions of heal wounds {unknown}
 r - a potion of magic {unknown}
 s - 3 potions of haste {unknown}
 t - a potion of resistance
 v - 2 potions of ambrosia {unknown}


   Skills:
 + Level 2.8 Fighting
 + Level 0.4 Throwing
 - Level 3.0 Armour
 + Level 3.3 Dodging
 * Level 10.0 Unarmed Combat
 - Level 2.1 Spellcasting
 + Level 3.9 Transmutations
 * Level 3.5 Ice Magic
 + Level 0.5 Evocations


You had 7 spell levels left.
You knew the following spells:

 Your Spells              Type           Power      Damage    Failure   Level
a - Beastly Appendage     Tmut           26%        N/A       5%          1
b - Ice Form              Ice/Tmut       12%        N/A       50%         4

Your spell library contained the following spells:

 Spells                   Type           Power      Damage    Failure   Level
 Wereblood                Tmut           13%        N/A       8%          2
 Passwall                 Tmut/Erth      5%         N/A       19%         2
 Ensorcelled Hibernation  Hex/Ice        12%        N/A       21%         2
 Magic Dart               Conj           4%         1d3       26%         1
 Necrotise                Necr           4%         1d4       26%         1
 Spider Form              Tmut/Pois      7%         N/A       34%         3
 Call Imp                 Summ           1%         N/A       38%         2
 Mephitic Cloud           Conj/Pois/Air  1%         N/A       63%         3
 Swiftness                Air            1%         N/A       63%         3
 Vampiric Draining        Necr           1%         2d6       63%         3
 Agony                    Necr           1%         N/A       100%        5
 Malign Gateway           Summ/Tloc      0%         N/A       100%        7
 Summon Horrible Things   Summ           0%         N/A       100%        8


Dungeon Overview and Level Annotations

Branches:
Dungeon (7/15)              Sewer (visited)
 Temple: D:4-7

Altars:
Ashenzari
Fedhas
Makhleb
Ru
Trog

Shops:
D:2 *

Annotations:
D:7 Pikel


Innate Abilities, Weirdness & Mutations

You have temporarily grown beastly horns and talons.
You have razor-sharp teeth.
Your natural rate of healing is unusually fast.
When hurt, damage is shared between your health and your magic reserves.
Your bite disrupts and absorbs the magic of your enemies.
Potions cannot restore your health.


Message History

You miss the hound. You bite the hound. You drain its power.
You feel invigorated.
The hound is lightly wounded.
The hound barely misses you.
You hit the hound but do no damage. Your kick misses the hound.
The hound is lightly wounded.
The hound barely misses you.
You hit the hound. You claw the hound.
You headbutt the hound, but do no damage.
The hound is heavily wounded.
The hound bites you. x2
You punch the hound!
You kill the hound!
The gargoyle hurls a stone arrow at you.
The stone arrow hits you! The gargoyle closely misses you.
Things that are here:
a +0 mace; a hound corpse You hit the gargoyle.
Your kick misses the gargoyle. Your bite misses the gargoyle.
The gargoyle is severely damaged.
The gargoyle hits you with a +0 mace!
An orc priest comes into view. It is wielding a +0 short sword.
The orc priest shouts!
You hit the gargoyle but do no damage. Your bite misses the gargoyle.
The gargoyle is severely damaged.
The gargoyle hurls a stone arrow at you.
The stone arrow hits you!!
* * * LOW HITPOINT WARNING * * *
Okay, then.
Okay, then.
As you read the scroll of teleportation, it crumbles to dust.
You feel strangely unstable.
You hit the gargoyle but do no damage. Your kick misses the gargoyle.
You headbutt the gargoyle, but do no damage.
The gargoyle is severely damaged.
The gargoyle hurls a stone arrow at you.
The stone arrow hits you!!
Ouch! That really hurt!
You die...

<......# #..###
####.#.### ###..#.##
#.#...#######.....#.##
#.###....K.9..##)###.##
... ###########Ko..##.#
#.. ##9#.....## #..#
########)###9...# ##.#
#......9## ##...# .#
#)######@###....#
##.#.....# ##.##.#.#
#.# ####.#.# # #..
#######.#.# #.#.#
#.......#.. ...#
#.######### #.######
#.# #......# #y#


You could see a gargoyle.

Vanquished Creatures
  A gargoyle (D:7)
  Sigmund (D:5)
  A water moccasin (D:6)
  A sky beast (D:7)
  An ice beast (D:6)
  A black bear (D:7)
  An ogre (D:6)
  A centaur (D:7)
  A lemure (D:6)
  2 kobold brigands (D:6)
  A phantom (D:6)
  A scorpion (D:5)
  A bullfrog (D:6)
  5 wights (D:6)
  2 howler monkeys
  2 jellies (Sewer)
  6 hounds
  4 orc priests (D:5)
  3 iguanas
  An orc wizard (D:5)
  Robin (D:4)
  10 adders
  7 gnolls
  3 white imps (D:6)
  2 ufetubi
  2 worms
  4 dart slugs
  5 orcs
  8 ball pythons
  13 endoplasms
  10 giant cockroaches
  16 goblins
  13 hobgoblins
  7 jackals
  18 kobolds
  5 quokkas
  6 bats
  9 frilled lizards
  13 rats
189 creatures vanquished.

Vanquished Creatures (others)
  A hornet (D:7)
  A black bear (D:7)
  5 toadstools (D:1)
7 creatures vanquished.

Grand Total: 196 creatures vanquished

Notes
Turn   | Place    | Note
-------+----------+-------------------------------------------
     0 | D:1      | lyrin the Vine Stalker Transmuter began the quest for the
                  | Orb.
     0 | D:1      | Reached XP level 1. HP: 9/9 MP: 4/4
   393 | D:1      | Reached XP level 2. HP: 10/14 MP: 4/6
   918 | D:1      | Found a faded altar of an unknown god.
   934 | D:1      | Reached XP level 3. HP: 8/17 MP: 4/7
  1338 | D:1      | Reached skill level 1 in Fighting
  1338 | D:1      | Reached skill level 4 in Unarmed Combat
  1733 | D:2      | Gained mutation: Your natural rate of healing is unusually
                  | fast. [Vine Stalker growth]
  1733 | D:2      | Reached XP level 4. HP: 16/22 MP: 6/8
  1937 | D:2      | Found Komestroh's Assorted Antiques.
  2552 | D:3      | Identified the +5 whip "Worm" {vorpal, *Rage rF+ Will+
                  | Str+4}
  2600 | D:3      | Reached XP level 5. HP: 25/25 MP: 7/9
  2880 | D:3      | You fall into a shaft and drop 2 floors!
  2880 | D:5      | Entered Level 5 of the Dungeon
  2960 | D:6      | Reached skill level 5 in Unarmed Combat
  2967 | D:6      | Reached skill level 1 in Armour
  2967 | D:6      | Reached XP level 6. HP: 7/30 MP: 0/10
  2969 | D:6      | HP: 2/43 [wight/+2 hand axe of freezing (1)]
  2976 | D:6      | Reached skill level 6 in Unarmed Combat
  3082 | D:6      | Found a glowing drain.
  3086 | Sewer    | Entered a sewer
  3183 | Sewer    | Learned a level 4 spell: Ice Form
  3199 | Sewer    | Reached XP level 7. HP: 31/33 MP: 8/11
  3463 | Sewer    | Found a shimmering altar of Xom.
  3660 | D:4      | Reached skill level 1 in Ice Magic
  4111 | D:4      | Noticed Robin
  4117 | D:4      | Killed Robin
  4519 | D:5      | Reached skill level 7 in Unarmed Combat
  4541 | D:5      | Gained mutation: You have razor-sharp teeth. [Vine Stalker
                  | growth]
  4541 | D:5      | Reached XP level 8. HP: 39/39 MP: 10/12
  4969 | D:5      | Found a bloodstained altar of Trog.
  4969 | D:5      | Found a blossoming altar of Fedhas.
  4991 | D:5      | Found a broken altar of Ashenzari.
  4995 | D:5      | Noticed Sigmund
  5002 | D:5      | Killed Sigmund
  5193 | D:6      | Reached skill level 8 in Unarmed Combat
  5455 | D:6      | Reached skill level 9 in Unarmed Combat
  5455 | D:6      | Reached XP level 9. HP: 43/43 MP: 13/13
  5477 | D:6      | Found a sacrificial altar of Ru.
  5706 | D:6      | Found a burning altar of Makhleb.
  6090 | D:7      | Noticed Pikel
  6276 | D:7      | Noticed a hornet
  6307 | D:7      | Noticed a gargoyle
  6324 | D:7      | Noticed a gargoyle
  6341 | D:7      | Killed a gargoyle
  6342 | D:7      | Reached skill level 10 in Unarmed Combat
  6352 | D:7      | Killed from afar by a gargoyle

Illustrated notes

Levels and vault maps discovered:
D:1:      elethiomel_arrival_quiet, layout_basic, basic_ecumenical_altar,
          minmay_misc_feat_more_columns, minmay_gold_behind_fungi,
          nicolae_grassy_gnolls
D:2:      layout_basic, serial_shops,
          nicolae_shop_temple_entry_statues_fountains,
          chequers_serial_rivers_room_a
D:3:      layout_basic, amcnicky_mini_pool_small
D:4:      layout_basic, kennysheep_generic_room_9, uniq_robin,
          uniq_crazy_yiuf_cottage
D:5:      layout_cave_pools, mainiacjoe_overflow_24_doors,
          gammafunk_temple_overflow_wave, corexii_shack, uniq_sigmund
D:6:      layout_basic, nicolae_ru_awakened_eye, makhleb_blood_cavern_becter,
          gup_sewer_entry_bowl
D:7:      cheibrodos_statue_roulette, layout_loops_ring, temple_doors_e,
          uniq_pikel, uniq_duvessa

Skill      XL: |  1  2  3  4  5  6  7  8  9 |
---------------+----------------------------+-----
Fighting       | 1 2 |  2.8
Unarmed Combat | 4 5 6 7 9 10 | 10.0
Dodging        | 2 3 |  3.3
Armour         | 1 2 3 |  3.0
Transmutations | 3 |  3.9
Ice Magic      | 1 2 3 |  3.5
Throwing       | |  0.4
Spellcasting   | |  2.1
Evocations     | |  0.5

Action                   |  1- 3 |  4- 6 |  7- 9 || total
-------------------------+-------+-------+-------++-------
Melee: Unarmed           |    85 |   158 |   262 ||   505
       Kick              |    12 |    14 |    25 ||    51
       Bite              |    19 |    23 |    79 ||   121
       Punch             |     2 |     6 |     3 ||    11
       Headbutt          |     7 |     9 |    21 ||    37
Throw: Dart              |     4 |       |     2 ||     6
 Cast: Beastly Appendage |    14 |    15 |    13 ||    42
Evoke: Wand              |       |       |    13 ||    13
  Use: Potion            |       |     2 |     3 ||     5
       Scroll            |       |     1 |     1 ||     2
Armor: Robe              |    10 |     2 |       ||    12
       Ring mail         |       |    32 |    51 ||    83
       Leather armour    |       |     2 |    13 ||    15
       Skin              |       |    13 |     9 ||    22
Dodge: Dodged            |    52 |    76 |   129 ||   257
